 Dungeon Crawl Stone Soup version 0.17.1-2-g5865329 (webtiles) character file.

267 Rookster the Shield-Bearer (level 6, -1/48 HPs)
             Began as a Formicid Fighter on Feb 10, 2016.
             Was a Follower of Elyvilon.
             Killed by nerve-wracking pain
             ... invoked by an orc priest
              (7 damage)
             ... on level 4 of the Dungeon.
             The game lasted 00:19:43 (3031 turns).

Rookster the Shield-Bearer (Formicid Fighter)       Turns: 3031, Time: 00:19:43

Health: -1/48      AC:  8    Str: 23    XL:     6   Next: 45%
Magic:  6/6        EV:  9    Int:  7    God:    Elyvilon [*.....]
Gold:   155        SH: 10    Dex: 10    Spells: 0 memorised, 5 levels left

rFire  . . .     SeeInvis +     a - +0 long sword
rCold  . . .     Clarity  .     b - +0 scale mail
rNeg   + . .     SustAt   .     c - +0 shield
rPois  .         Gourm    .     (helmet unavailable)
rElec  .         Spirit   .     g - +0 cloak
rCorr  .         Warding  .     (no gloves)
rMut   .         Stasis   +     (no boots)
MR     .....                    (no amulet)
Stlth  ..........               x - ring of positive energy
                                (no ring)

@: not resistant to hostile enchantments, extremely unstealthy
A: permanent stasis, dig shafts and tunnels, four strong arms, antennae 3
a: Dig, Shaft Self, Lesser Healing, Divine Protection, Renounce Religion


You were on level 4 of the Dungeon.
You worshipped Elyvilon.
Elyvilon was aware of your devotion.
You were not hungry.

You visited 1 branch of the dungeon, and saw 4 of its levels.

You collected 155 gold pieces.

Inventory:

Hand Weapons
 a - a +0 long sword (weapon)
 k - a +0 dagger
Armour
 b - a +0 scale mail (worn)
 c - a +0 shield (worn)
 g - a +0 cloak (worn)
 r - a +0 scale mail
Magical Staves
 t - an uncursed staff of power
Jewellery
 x - a ring of positive energy (right hand)
Wands
 w - a wand of frost (22)
Scrolls
 h - 2 scrolls of remove curse
 n - a scroll of fog
Potions
 d - a potion of might
 i - a potion of cancellation {unknown}
 j - a potion of flight {unknown}
 l - a potion of agility
 o - 2 potions of magic
 p - a potion of brilliance
 q - a potion of invisibility {unknown}
 s - a potion of curing {unknown}
 u - a potion of cure mutation {unknown}
Comestibles
 e - 4 bread rations
 f - 3 meat rations
 m - 3 slices of pizza
 v - a chunk of flesh


   Skills:
 + Level 4.1 Fighting
 + Level 2.6 Long Blades
 + Level 4.9 Armour
 + Level 1.9 Dodging
 + Level 0.6 Stealth
 + Level 5.2 Shields


You had 5 spell levels left.
You didn't know any spells.

Dungeon Overview and Level Annotations

Branches:
Dungeon (4/15)
 Temple: D:4-7

Altars:
Dithmenos
Elyvilon
Ru
Vehumet
Yredelemnul


Innate Abilities, Weirdness & Mutations

You are under a permanent stasis effect.
You can dig through walls and to a lower floor.
Your four strong arms can wield two-handed weapons with a shield.
You have a pair of large antennae on your head (SInv).


Message History

The orc priest is heavily wounded.
The orc priest hits you with a falchion.
* * * LOW HITPOINT WARNING * * *
You closely miss the orc priest.
The orc priest is heavily wounded.
You block the orc priest's attack.
You hit the orc priest but do no damage.
The orc priest is heavily wounded.
The orc priest hits you but does no damage.
You hit the orc priest but do no damage.
The orc priest is heavily wounded.
The orc priest mumbles some strange prayers to Beogh against you.
Pain shoots through your body!
* * * LOW HITPOINT WARNING * * *
The orc priest closely misses you.
You hit the orc priest.
The orc priest is almost dead.
The orc priest invokes the aid of Beogh against you.
Pain shoots through your body!
You die...

# #.#.###.#
#.#.#.###.####
##.#.#.........
........##.####
##.#.....#.#
#....##.#
#.......#
###.##### #@#
##o## ##oo.##
#.....#
#.......# ###
#.........# ...
+.........+ ###
#...$.....#
##.......##


You could see an orc priest and 2 orcs.

Vanquished Creatures
  An ogre (D:4)
  A scorpion (D:4)
  A centaur skeleton (D:4)
  4 adders
  3 worms
  A giant gecko (D:4)
  An orc (D:3)
  2 ball pythons
  4 giant cockroaches
  8 goblins
  7 hobgoblins
  12 kobolds
  2 quokkas (D:4)
  8 bats
  A giant newt (D:4)
  2 gnoll zombies (D:3)
  2 jackal skeletons (D:4)
  6 rats
66 creatures vanquished.

Notes
Turn   | Place    | Note
--------------------------------------------------------------
     0 | D:1      | Rookster the Formicid Fighter began the quest for the Orb.
     0 | D:1      | Reached XP level 1. HP: 18/18 MP: 1/1
   257 | D:1      | Reached XP level 2. HP: 21/24 MP: 2/2
   405 | D:1      | Reached skill level 4 in Shields
   975 | D:2      | Reached XP level 3. HP: 29/29 MP: 3/3
  1446 | D:2      | Found a sacrificial altar of Ru.
  1446 | D:2      | Found a shadowy altar of Dithmenos.
  1635 | D:3      | Found a white marble altar of Elyvilon.
  1638 | D:3      | Became a worshipper of Elyvilon the Healer
  1650 | D:3      | Reached XP level 4. HP: 33/35 MP: 4/4
  2067 | D:3      | Found a basalt altar of Yredelemnul.
  2320 | D:4      | Found a radiant altar of Vehumet.
  2490 | D:4      | Reached * piety under Elyvilon
  2496 | D:4      | Noticed an ogre
  2533 | D:4      | Reached skill level 1 in Dodging
  2533 | D:4      | Reached XP level 5. HP: 14/41 MP: 5/5
  2539 | D:4      | Killed an ogre
  2539 | D:4      | Reached XP level 6. HP: 14/48 MP: 6/6
  2574 | D:4      | Reached skill level 5 in Shields
  3031 | D:4      | Killed from afar by an orc priest

Action                   |  1- 3 |  4- 6 || total
-------------------------+-------+-------++-------
Melee: Long sword        |   133 |   140 ||   273
 Abil: Dig               |     1 |       ||     1
  Use: Scroll            |    10 |     3 ||    13
       Potion            |       |     2 ||     2
  Eat: Chunk             |     2 |     1 ||     3
       Bread ration      |       |     1 ||     1
